 Dungeon Crawl Stone Soup version 0.30.1-11-g7821555f0a (webtiles) character file.

Game seed: 11158730790920427675

28 Cheops the Trooper (level 3, -2/41 HPs)
             Began as an Ogre Fighter on Dec 10, 2023.
             Succumbed to an adder's poison
             ... on level 2 of the Dungeon.
             The game lasted 00:02:19 (916 turns).

Cheops the Trooper (Ogre Fighter)                    Turns: 916, Time: 00:02:20

Health: -2/41      AC:  3    Str: 28    XL:     3   Next: 12%
Magic:  3/3        EV:  9    Int:  9    God:
Gold:   57         SH:  7    Dex:  8    Spells: 2/2 levels left

rFire   . . .        a - +0 flail
rCold   . . .        c - +0 kite shield
rNeg    . . .        b - +0 robe
rPois   .            (helmet restricted)
rElec   .            (no cloak)
rCorr   .            (gloves unavailable)
SInv    .            (boots unavailable)
Will    .....        (no amulet)
Stlth   +            o - +6 ring of strength
HPRegen 0.26/turn    (no ring)
MPRegen 0.08/turn

%: no passive effects
@: lethally poisoned (-2 -> -17)
A: large, unfitting armour, tough skin 1
a: no special abilities


You were on level 2 of the Dungeon.
You visited 1 branch of the dungeon, and saw 2 of its levels.

You collected 57 gold pieces.

Inventory:

Hand Weapons
 a - a +0 flail (weapon)
Armour
 b - a +0 robe (worn)
 c - a +0 kite shield (worn)
Jewellery
 o - a +6 ring of strength (left hand)
Scrolls
 f - a scroll of butterflies {unknown}
 g - a scroll of noise {unknown}
 h - 2 scrolls of identify {unknown}
 j - 2 scrolls of amnesia {unknown}
 l - a scroll of fog {unknown}
Potions
 d - a potion of might
 e - a potion of mutation {unknown}
 i - a potion of curing {unknown}
 k - a potion of attraction {unknown}
 m - a potion of berserk rage {unknown}
 n - a potion of ambrosia {unknown}


   Skills:
 + Level 4.8 Fighting
 + Level 2.5 Maces & Flails
 - Level 2.6 Dodging
 - Level 3.0 Shields


You had 2 spell levels left.
You didn't know any spells.
Your spell library contained the following spells:

 Spells                   Type           Power      Damage    Failure   Level
 Sublimation of Blood     Necr           0%         N/A       77%         2
 Petrify                  Tmut/Erth      0%         N/A       100%        4
 Irradiate                Conj/Tmut      0%         3d11      100%        5


Dungeon Overview and Level Annotations

Branches:
Dungeon (2/15)

Altars:


Innate Abilities, Weirdness & Mutations

You are too large for most types of armour.
You have tough skin. (AC +1)


Message History

You are more poisoned.
The adder poisons you! The hobgoblin completely misses you.
You miss the adder.
The adder is heavily wounded.
You feel very sick. The adder bites you.
You are more poisoned.
The adder poisons you! The adder bites you but does no damage.
The hobgoblin hits you.
* * * LOW HITPOINT WARNING * * *
You are too injured to fight recklessly!
You are too injured to fight recklessly!
There are monsters nearby!
There are monsters nearby!
You miss the adder.
The adder is heavily wounded.
You feel very sick. You block the adder's attack.
You block the hobgoblin's attack. The adder bites you.
* * * LOW HITPOINT WARNING * * *
You miss the adder.
The adder is heavily wounded.
You feel very sick. The adder barely misses you. The hobgoblin hits you.
* * * LOW HITPOINT WARNING * * *
The hobgoblin hits you but does no damage.
The adder misses you. The adder attacks as you move away!
You block the adder's attack.
You feel sick.
You feel sick. The adder attacks as you move away! The adder bites you.
* * * LOW HITPOINT WARNING * * *
You are lethally poisoned!
The adder poisons you!
* * * LOW HITPOINT WARNING * * *
You feel sick. The adder bites you.
* * * LOW HITPOINT WARNING * * *
You are more poisoned.
The adder poisons you!
You die...

...# .<.# ...# ...# #..
...##### ... .......# ...
.8..(<.# #.# .......# #.#
+#'######## #.#
...'......### #@#
...#.⌠......####.#
...'......#....gS#
'#'######.....#.b##
.......##.....#.g.#
.8...>.##.....##.........
.......##.....####.......
...######.....# ..##.#.
...# #)....# #..# #


You could see an adder, a hobgoblin, a goblin and a bat.

Vanquished Creatures
  An adder (D:2)
  A worm (D:2)
  3 ball pythons (D:1)
  A hobgoblin (D:1)
  4 kobolds
  A quokka (D:2)
  2 bats
  4 rats
17 creatures vanquished.

Notes
Turn   | Place    | Note
-------+----------+-------------------------------------------
     0 | D:1      | Cheops the Ogre Fighter began the quest for the Orb.
     0 | D:1      | Reached XP level 1. HP: 24/24 MP: 1/1
   438 | D:1      | Reached XP level 2. HP: 28/33 MP: 2/2
   692 | D:2      | Reached XP level 3. HP: 27/41 MP: 3/3
   915 | D:2      | HP: 2/41 [adder (2)]
   916 | D:2      | Succumbed to an adder's poison

Illustrated notes

Levels and vault maps discovered:
D:1:      wander_arrival_chamber, layout_loops_ring
D:2:      layout_basic, serial_glass, glass_columns_a, glass_columns_a,
          nicolae_elevator_lobby_plus

Skill      XL: |  1 |
---------------+----+-----
Maces & Flails | 2 |  2.5
Fighting       | |  4.8
Dodging        | |  2.6
Shields        | |  3.0

Action                     || total
---------------------------++-------
  Melee: Flail             ||    68
 Armour: Robe              ||    28
  Dodge: Dodged            ||    44
  Block: Kite shield       ||    32
